 Dungeon Crawl Stone Soup version 0.14-a0-848-g57a047c (webtiles) character file.

15880 Malachi the Necromancer (level 12, 0/74 HPs)
             Began as a Demonspawn Necromancer on Nov 14, 2013.
             Was a High Priest of Kikubaaqudgha.
             Succumbed to a water moccasin's poison
             ... on Level 5 of the Lair of Beasts.
             The game lasted 01:04:36 (17582 turns).

Malachi the Necromancer (Demonspawn Necromancer)   Turns: 17582, Time: 01:04:36

HP   0/74        AC 11     Str 14      XL: 12   Next:  1%
MP  32/38        EV 16     Int 20      God: Kikubaaqudgha [*****.]
Gold 364         SH  0     Dex 14      Spells:  8 memorised,  6 levels left

Res.Fire  : + . .   See Invis. : .   I - +7,+6 trident "Malachi's Peril" {venom, +Blink rF+}
Res.Cold  : . . .   Warding    : .   a - +0 robe
Life Prot.: . . .   Conserve   : .   (no shield)
Res.Poison: .       Res.Corr.  : .   y - +0 helmet
Res.Elec. : .       Clarity    : .   (no cloak)
Sust.Abil.: . .     Spirit.Shd : .   z - +1 pair of orc gloves
Res.Mut.  : .       Stasis     : .   L - +2 pair of dwarf boots {Stlth+}
Res.Rott. : .       Flight     : .   (no amulet)
Saprovore : . . .                    C - ring of magical power
                                     k - +4 ring of strength

@: very poisoned, somewhat resistant to hostile enchantments, quite stealthy
A: talons 2, powered by death 2, AC +3
a: Receive Corpses, Torment, Renounce Religion, Evoke Blink


You were on level 5 of the Lair of Beasts.
You worshipped Kikubaaqudgha.
Kikubaaqudgha was extremely pleased with you.
You were very hungry.

You visited 3 branches of the dungeon, and saw 16 of its levels.
You also visited: Sewer.

You collected 644 gold pieces.
You spent 280 gold pieces at shops.

Inventory:

Hand weapons
 I - the +7,+6 trident "Malachi's Peril" (weapon) {venom, +Blink rF+}
   (You found it on level 7 of the Dungeon)

   It poisons the flesh of those it strikes.
   It protects you from fire.
   It lets you blink.
Missiles
 s - 4 tomahawks of returning (quivered)
 t - 5 tomahawks
Armour
 a - a +0 robe (worn)
 y - a +0 helmet (worn)
 z - a +1 pair of orcish gloves (worn)
 L - a +2 pair of dwarven boots of stealth (worn)
Magical devices
 H - a wand of digging (22)
Comestibles
 c - 5 bread rations
 m - 5 meat rations
 r - 3 honeycombs
Scrolls
 d - 2 scrolls of recharging
 f - 3 scrolls of enchant weapon I
 j - 3 scrolls of fog
 B - 4 scrolls of teleportation
 K - a scroll of fear
 O - 2 scrolls of enchant weapon II
 R - 3 scrolls of remove curse
Jewellery
 g - an uncursed ring of sustain abilities
 k - a +4 ring of strength (left hand)
 w - an uncursed amulet of the gourmand
 C - a ring of magical power (right hand)
 E - an uncursed amulet of stasis
 N - an uncursed amulet of resist mutation
 Q - an uncursed amulet of faith {unknown}
 T - a +4 ring of evasion
Potions
 h - 2 potions of agility
 i - 2 potions of invisibility
 l - 3 potions of heal wounds
 n - a potion of strong poison {unknown}
 o - 3 potions of flight
 p - 8 potions of curing
 q - a potion of poison {unknown}
 u - a potion of restore abilities {unknown}
 x - 4 potions of berserk rage
 A - 4 potions of speed
 D - a potion of resistance {unknown}
 G - a potion of mutation {unknown}
 S - 2 potions of brilliance {unknown}
Books
 b - a book of Necromancy

   Spells                             Type                      Level
   *Pain                              Necromancy                   1
   *Animate Skeleton                  Necromancy                   1
   Lethal Infusion                    Charms/Necromancy            2
   *Vampiric Draining                 Necromancy                   3
   *Regeneration                      Charms/Necromancy            3
   Animate Dead                       Necromancy                   4
   *Control Undead                    Necromancy                   4
 v - a book of Dreams

   Spells                             Type                      Level
   Ensorcelled Hibernation            Hexes/Ice                    2
   Flight                             Charms/Air                   3
   Phase Shift                        Translocation                5
   Shadow Creatures                   Summoning                    5
   Mass Confusion                     Hexes                        6
   Darkness                           Hexes                        7
 F - Kikubaaqudgha's Compendium of Stolen Souls
   (Kikubaaqudgha gifted it to you on level 7 of the Dungeon)

   Spells                             Type                      Level
   *Pain                              Necromancy                   1
   *Corpse Rot                        Necromancy                   2
   Sublimation of Blood               Necromancy                   2
   *Vampiric Draining                 Necromancy                   3
   *Control Undead                    Necromancy                   4
 J - a book of Control

   Spells                             Type                      Level
   Control Teleport                   Charms/Translocation         4
   *Control Undead                    Necromancy                   4
   Enslavement                        Hexes                        4
   Mass Confusion                     Hexes                        6
   Metabolic Englaciation             Hexes/Ice                    6
 P - Kikubaaqudgha's Collected Works on Evil Rituals
   (Kikubaaqudgha gifted it to you on level 1 of the Lair of Beasts)

   Spells                             Type                      Level
   Animate Dead                       Necromancy                   4
   *Agony                             Necromancy                   5
   Dispel Undead                      Necromancy                   5
   *Twisted Resurrection              Necromancy                   5
   Death Channel                      Necromancy                   6
Magical staves
 e - an uncursed staff of air
Miscellaneous
 M - a fan of gales


   Skills:
   Level 0.1 Maces & Flails
 + Level 4.5 Polearms
 - Level 0.1 Throwing
 + Level 6.7 Dodging
 - Level 1.7 Stealth
 + Level 9.6 Spellcasting
 + Level 1.1 Charms
 * Level 15.2 Necromancy


You had 6 spell levels left.
You knew the following spells:

 Your Spells              Type           Power        Failure   Level  Hunger
a - Pain                  Necr           ####         0%          1    None
b - Agony                 Necr           ######..     1%          5    ####...
c - Vampiric Draining     Necr           ######....   1%          3    None
d - Twisted Resurrection  Necr           ######....   1%          5    ####...
e - Animate Skeleton      Necr           N/A          0%          1    None
f - Corpse Rot            Necr           N/A          1%          2    None
g - Control Undead        Necr           ######....   1%          4    ##.....
r - Regeneration          Chrm/Necr      #####.....   1%          3    None


Dungeon Overview and Level Annotations

Branches:
Dungeon (10/16)            Temple (1/1) D:6             Orc (0/4) D:10
   Lair (5/8) D:10
  Swamp: Lair:3-6    Shoals: Lair:3-6     Snake: Lair:3-6    Spider: Lair:3-6

Altars:
Elyvilon
Fedhas
Kikubaaqudgha
Makhleb
Nemelex Xobeh
Okawaru
Sif Muna
Trog
Xom
the Shining One

Shops:
D:7 +   D:8 [   D:10 *


Innate Abilities, Weirdness & Mutations

You have razor-sharp toenails.
You are mostly covered in slimy green scales (AC +3).
You can steal the life force of defeated enemies.


Message History

* * * LOW HITPOINT WARNING * * *
You feel very sick.
You start resting.
* * * LOW HITPOINT WARNING * * *
You feel sick.
You start resting.
* * * LOW HITPOINT WARNING * * *
You feel sick.
You start resting.
* * * LOW HITPOINT WARNING * * *
You feel very sick.
You start resting.
* * * LOW HITPOINT WARNING * * *
You feel very sick.
You start resting.
* * * LOW HITPOINT WARNING * * *
You feel very sick.
You start resting.
You die...
Kikubaaqudgha rasps: "You have failed me!
Welcome... death!"

...ff.. .......#..f#.
#f...#.......P.
#....#..........
#................
#.....}.........f
#..............#
#...XX.......##
#...@XX...#...####
#..##X...........#
#..........>......
..#.......<.....(ff#
...#............#.f..
.................#f.
#.....#...........#...
.............[........
.......#.......PP......


You could see 5 friendly large abominations.

Vanquished Creatures
  An unseen horror (D:9)
  A hill giant (D:10)
  A spiny frog (Lair:4)
  A fire drake (Lair:2)
  A blink frog (Lair:4)
  A raven (Lair:3)
  A warg (D:10)
  A wyvern (D:5)
  A hungry ghost (D:9)
  20 yaks
  A manticore (D:9)
  2 hippogriffs
  4 wolves (Lair:2)
  A necrophage (D:7)
  An ice beast (D:8)
  3 porcupines
  A phantom (D:8)
  2 sky beasts
  2 black bears (D:7)
  6 orc warriors
  3 ogres
  6 crocodiles
  A big kobold (D:10)
  2 giant slugs
  5 giant frogs
  2 agate snails (Lair:1)
  A water moccasin (Lair:3)
  A wyvern skeleton (D:10)
  A hippogriff zombie (D:10)
  2 jellies
  7 orc priests
  3 centaur skeletons
  7 crimson imps
  6 hounds
  A black bear zombie (D:6)
  3 big fish (Lair:4)
  2 scorpions
  5 orc wizards
  4 iguanas
  6 worker ants
  4 orange rats (Lair:2)
  An ogre zombie (D:6)
  A hound skeleton (D:3)
  22 adders
  A giant centipede (Lair:1)
  2 green rats
  7 giant mites
  3 worms
  A scorpion zombie (D:6)
  2 giant eyeballs
  9 giant geckos
  2 oozes
  33 orcs
  2 ball pythons
  21 bats
  5 giant cockroaches
  14 hobgoblins
  13 kobolds
  8 quokkas
  5 giant newts
  13 goblins
  27 jackals
  12 rats
328 creatures vanquished.

Vanquished Creatures (collateral kills)
  A hydra (Lair:3)
  The ghost of timbw the Cleaver, an experienced HOFi of Makhleb (Lair:1)
  3 spiny frogs
  2 blink frogs (Lair:4)
  A shark (Lair:4)
  9 yaks
  A hippogriff (Lair:3)
  5 wolves (Lair:3)
  A spriggan skeleton (D:9)
  A phantom (D:10)
  4 porcupines
  An ice beast (D:10)
  3 centaurs
  4 crocodiles
  3 giant frogs
  A giant slug (Lair:2)
  6 water moccasins
  An agate snail (Lair:2)
  The ghost of timbw the Chopper, a weakling TrFi (D:4)
  A hippogriff zombie (D:5)
  3 wights (D:6)
  2 crimson imps
  11 big fish (Lair:4)
  An orc priest (D:4)
  4 hounds
  2 iguanas
  An orange rat (Lair:2)
  A worker ant (D:8)
  A killer bee zombie (D:6)
  An adder (Lair:1)
  5 green rats (Lair:3)
  A shadow imp (D:9)
  2 worms
  2 oozes
  10 orcs
  8 jackals
  3 quokkas
  3 bats
  A giant newt (D:4)
  A hobgoblin skeleton (D:8)
  A kobold (D:6)
  A rat (Lair:2)
  2 plants (Lair:4)
117 creatures vanquished.

Vanquished Creatures (others)
  A hill giant zombie (D:10)
  2 agate snail zombies (Lair:1)
  A fire drake zombie (Lair:2)
  A giant slug zombie (Lair:1)
  A yak zombie (Lair:1)
  2 wolf zombies (Lair:2)
  2 giant frog zombies
  A centaur zombie (D:5)
  An ogre zombie (D:4)
  An ogre skeleton (D:9)
  3 hound zombies
  3 orange rat zombies (Lair:2)
  3 worker ant zombies
  A giant centipede (Lair:3)
  A worm zombie (D:9)
  An iguana zombie (Lair:1)
  An adder skeleton (D:4)
  An adder zombie (Lair:2)
  A bat skeleton (D:4)
  A giant mite zombie (D:6)
  2 hobgoblin zombies
  6 jackal zombies
  2 kobold zombies
  An orc skeleton (D:4)
  10 orc zombies
  A rat skeleton (D:5)
  2 rat zombies
  A crawling corpse (Lair:2)
  A fungus (Lair:2)
  A macabre mass (Lair:4)
56 creatures vanquished.

Grand Total: 501 creatures vanquished

Notes
Turn   | Place    | Note
--------------------------------------------------------------
     0 | D:1      | Malachi, the Demonspawn Necromancer, began the quest for the Orb.
     0 | D:1      | Reached XP level 1. HP: 13/13 MP: 3/3
   491 | D:1      | Gained mutation: You have sharp toenails. [demonic ancestry]
   491 | D:1      | Reached XP level 2. HP: 14/19 MP: 0/4
   690 | D:1      | Reached skill level 5 in Necromancy
  1564 | D:2      | Gained mutation: You are partially covered in slimy green scales (AC +2). [demonic ancestry]
  1564 | D:2      | Reached XP level 3. HP: 21/24 MP: 2/5
  2499 | D:3      | Reached XP level 4. HP: 26/30 MP: 2/7
  2686 | D:3      | Learned a level 3 spell: Vampiric Draining
  2748 | D:3      | Reached skill level 6 in Necromancy
  3474 | D:3      | Gained mutation: You are mostly covered in slimy green scales (AC +3). [demonic ancestry]
  3474 | D:3      | Reached XP level 5. HP: 9/35 MP: 0/9
  3507 | D:3      | Paralysed by a potion of paralysis for 5 turns
  3509 | D:3      | HP: 1/35 [poisoned by an adder]
  4112 | D:3      | Found a burning altar of Makhleb.
  4865 | D:4      | Learned a level 4 spell: Animate Dead
  4928 | D:4      | Gained mutation: You can steal the life force of nearby defeated enemies. [demonic ancestry]
  4928 | D:4      | Reached XP level 6. HP: 31/41 MP: 0/12
  4938 | D:4      | Reached skill level 7 in Necromancy
  5065 | D:4      | Noticed an ogre
  5070 | D:4      | Killed an ogre
  5623 | D:4      | Noticed timbw's ghost (weakling TrFi)
  5660 | D:4      | Killed timbw's ghost
  5824 | D:4      | Reached skill level 8 in Necromancy
  5824 | D:4      | Reached XP level 7. HP: 16/46 MP: 6/15
  6168 | D:5      | Entered Level 5 of the Dungeon
  6796 | D:5      | Got a bloodstained leather armour
  6797 | D:5      | Identified the cursed -1 leather armour of Klido {Dex-4 Int+2} (You found it on level 5 of the Dungeon)
  6874 | D:5      | Noticed a wyvern
  6885 | D:5      | Killed a wyvern
  6885 | D:5      | Reached skill level 9 in Necromancy
  6885 | D:5      | Reached XP level 8. HP: 16/52 MP: 18/18
  7362 | D:5      | Found a bloodstained altar of Trog.
  7401 | D:5      | Learned a level 4 spell: Control Undead
  7405 | D:5      | Learned a level 3 spell: Regeneration
  8024 | D:6      | Reached skill level 5 in Spellcasting
  8275 | D:6      | Reached skill level 10 in Necromancy
  8484 | D:6      | Found a staircase to the Ecumenical Temple.
  8533 | Temple   | Entered the Ecumenical Temple
  8549 | Temple   | Became a worshipper of Kikubaaqudgha
  8724 | D:6      | Found a glowing drain.
  8738 | Sewer    | Entered a sewer
  9323 | D:6      | Found a glowing golden altar of the Shining One.
  9648 | D:7      | Found Frunikhi's Book Shoppe.
  9649 | D:7      | Acquired Kikubaaqudgha's first power
  9649 | D:7      | Received a gift from Kikubaaqudgha
  9652 | D:7      | Identified Kikubaaqudgha's Compendium of Stolen Souls (Kikubaaqudgha gifted it to you on level 7 of the Dungeon)
  9656 | D:7      | Learned a level 2 spell: Corpse Rot
  9727 | D:7      | Reached XP level 9. HP: 42/57 MP: 21/21
  9772 | D:7      | Reached skill level 11 in Necromancy
 10118 | D:7      | Got a pitted trident
 10119 | D:7      | Identified the +7,+6 trident "Malachi's Peril" {venom, +Blink rF+} (You found it on level 7 of the Dungeon)
 10119 | D:7      | Identified the +7,+6 trident "Malachi's Peril" {venom, +Blink rF+} (You found it on level 7 of the Dungeon)
 10473 | D:8      | Reached skill level 1 in Polearms
 10696 | D:8      | Acquired Kikubaaqudgha's second power
 10733 | D:8      | Found Zofopuf's Armour Emporium.
 10741 | D:8      | Bought a +2 pair of dwarven boots of stealth for 280 gold pieces
 11504 | D:9      | Reached skill level 12 in Necromancy
 11659 | D:9      | Killed an unseen horror
 11659 | D:9      | Gained mutation: You can steal the life force of defeated enemies. [demonic ancestry]
 11659 | D:9      | Reached XP level 10. HP: 37/63 MP: 4/24
 11857 | D:10     | Entered Level 10 of the Dungeon
 11857 | D:10     | Found a burning altar of Makhleb.
 11928 | D:10     | Found Saus' General Store.
 11960 | D:10     | Reached skill level 5 in Dodging
 12069 | D:10     | Noticed a hill giant
 12080 | D:10     | Killed a hill giant
 12728 | D:10     | Found a staircase to the Orcish Mines.
 12867 | D:10     | Found a staircase to the Lair.
 12908 | Lair:1   | Entered Level 1 of the Lair of Beasts
 12912 | Lair:1   | Received a gift from Kikubaaqudgha
 12915 | Lair:1   | Identified Kikubaaqudgha's Collected Works on Evil Rituals (Kikubaaqudgha gifted it to you on level 1 of the Lair of Beasts)
 12922 | Lair:1   | Learned a level 5 spell: Agony
 13285 | Lair:1   | Reached skill level 13 in Necromancy
 13344 | Lair:1   | Noticed timbw's ghost (experienced HOFi)
 13386 | Lair:1   | Killed timbw's ghost
 13855 | Lair:1   | Gained mutation: You have razor-sharp toenails. [demonic ancestry]
 13855 | Lair:1   | Reached XP level 11. HP: 22/68 MP: 2/27
 14582 | Lair:2   | Acquired Kikubaaqudgha's third power
 14840 | Lair:2   | Learned a level 5 spell: Twisted Resurrection
 14842 | Lair:2   | Learned a level 1 spell: Animate Skeleton
 14973 | Lair:2   | Reached skill level 1 in Charms
 14985 | Lair:2   | Reached skill level 14 in Necromancy
 15007 | Lair:2   | Noticed a large abomination
 15212 | Lair:3   | Noticed a large abomination
 15316 | Lair:3   | Noticed a large abomination
 15842 | Lair:3   | Noticed a four-headed hydra
 15847 | Lair:3   | Killed a four-headed hydra
 16392 | Lair:4   | Noticed a large abomination
 16462 | Lair:4   | Acquired Kikubaaqudgha's fourth power
 16731 | Lair:4   | Reached skill level 15 in Necromancy
 16838 | Lair:4   | Noticed a large abomination
 17554 | Lair:5   | Reached XP level 12. HP: 44/74 MP: 29/29
 17581 | Lair:5   | HP: 2/74 [poisoned by a water moccasin]
 17582 | Lair:5   | Succumbed to a water moccasin's poison

Action                   |  1- 3 |  4- 6 |  7- 9 | 10-12 || total
-------------------------+-------+-------+-------+-------++-------
Melee: Mace              |     5 |    33 |    99 |       ||   137
       Spear             |       |       |   141 |       ||   141
       War axe           |       |       |    13 |       ||    13
       Battleaxe         |       |       |     2 |       ||     2
       Trident           |       |       |   131 |   481 ||   612
Throw: Tomahawk          |       |     4 |       |       ||     4
 Cast: Pain              |    74 |   127 |   143 |     7 ||   351
       Vampiric Draining |       |     3 |    44 |    61 ||   108
       Animate Dead      |       |     7 |    43 |    24 ||    74
       Control Undead    |       |       |     7 |     1 ||     8
       Regeneration      |       |       |     2 |    17 ||    19
       Agony             |       |       |       |    26 ||    26
       Twisted Resurrect |       |       |       |    28 ||    28
       Corpse Rot        |       |       |       |     1 ||     1
 Abil: Evoke Blink       |       |       |     1 |       ||     1
Evoke: Wand              |       |       |       |     3 ||     3
  Use: Scroll            |     3 |     2 |    20 |    12 ||    37
       Potion            |       |     1 |     1 |       ||     2
 Stab: Sleeping          |     1 |       |     4 |    17 ||    22
       Distracted        |       |       |     4 |     4 ||     8
